 Dungeon Crawl Stone Soup version 0.30-b1-2-g02819fbbbe (webtiles) character file.

Game seed: 6948002501008523232

3289 raph the Ruffian (level 9, -7/84 HPs)
             Began as a Troll Warper on July 4, 2023.
             Was an Initiate of Gozag.
             Mangled by a two-headed ogre
             ... wielding a +0 dire flail
              (15 damage)
             ... on level 8 of the Dungeon.
             The game lasted 00:12:39 (8360 turns).

raph the Ruffian (Troll Warper)                     Turns: 8360, Time: 00:12:39

Health: -7/84      AC:  6    Str: 21    XL:     9   Next: 69%
Magic:  8/12       EV: 11    Int: 11    God:    Gozag
Gold:   1006       SH:  5    Dex: 13    Spells: 4/14 levels left

rFire   . .          .
                       - Unarmed
rCold   . . .        (no shield)
rNeg    . . .        u - +0 robe
rPois   .            k - +2 hat
rElec   .            (no cloak)
rCorr   +            (gloves unavailable)
SInv    .            (boots unavailable)
Will    .....        q - amulet of reflection
Stlth   +            e - ring of Seicuara {rCorr Dex+2}
HPRegen 1.14/turn    (no ring)
MPRegen 0.13/turn

%: reflection
@: no status effects
A: large, unfitting armour, claws 3, regeneration 1, shaggy fur 1, tough skin 1
a: Renounce Religion, Potion Petition, Call Merchant, Bribe Branch


You were on level 8 of the Dungeon.
You worshipped Gozag.
Gozag was most pleased with you.
You visited 2 branches of the dungeon, and saw 10 of its levels.

You collected 1296 gold pieces.
You spent 204 gold pieces at shops.
You paid 86 gold pieces to Gozag.

Inventory:

Hand Weapons
 a - a +1 giant spiked club
 h - a +2 whip of draining
Missiles
 i - 9 boomerangs
 n - 5 throwing nets
 t - 2 large rocks (quivered)
 v - 9 poisoned darts
Armour
 k - a +2 hat (worn)
 u - a +0 robe (worn)
Jewellery
 e - the ring of Seicuara (left claw) {rCorr Dex+2}
   (You took it off an orc on level 8 of the Dungeon)

   [ring of resist corrosion]

   Dex:       It affects your dexterity (+2).
   rCorr:     It protects you from acid and corrosion.
 q - an amulet of reflection (around neck)
 w - a ring of fire
 z - an amulet of regeneration
Wands
 c - a wand of polymorph (12)
 o - a wand of quicksilver (22)
Scrolls
 b - a scroll of blinking
 f - a scroll of amnesia
 g - 3 scrolls of fear
 l - 5 scrolls of teleportation
 x - a scroll of enchant armour
Potions
 d - a potion of might
 j - 2 potions of flight
 m - a potion of attraction {unknown}
 p - 3 potions of haste
 r - 4 potions of lignification
 s - 2 potions of brilliance {unknown}
 A - a potion of cancellation
 B - a potion of invisibility {unknown}
 C - a potion of magic
 D - 2 potions of curing


   Skills:
 + Level 4.2 Fighting
 - Level 0.8 Throwing
 + Level 4.5 Dodging
 * Level 7.3 Unarmed Combat
 + Level 3.1 Spellcasting
 * Level 5.8 Translocations
 + Level 2.8 Air Magic


You had 4 spell levels left.
You knew the following spells:

 Your Spells              Type           Power      Damage    Failure   Level
a - Blink                 Tloc           28%        N/A       3%          2
b - Lesser Beckoning      Tloc           28%        N/A       3%          2
c - Vhi's Electric Charg  Tloc/Air       22%        N/A       13%         3
d - Teleport Other        Tloc           14%        N/A       7%          3

Your spell library contained the following spells:

 Spells                   Type           Power      Damage    Failure   Level
 Apportation              Tloc           28%        N/A       2%          1
 Poisonous Vapours        Pois/Air       8%         N/A       22%         2
 Manifold Assault         Tloc           14%        N/A       24%         4
 Necrotise                Necr           4%         1d4       26%         1
 Sting                    Tmut/Pois      4%         1d3       26%         1
 Summon Small Mammal      Summ           4%         N/A       26%         1
 Call Canine Familiar     Summ           1%         N/A       61%         3
 Ozocubu's Armour         Ice            1%         N/A       61%         3
 Summon Guardian Golem    Hex/Summ       1%         N/A       61%         3
 Olgreb's Toxic Radiance  Pois           1%         N/A       95%         4
 Metabolic Englaciation   Hex/Ice        0%         N/A       100%        5
 Storm Form               Tmut/Air       2%         N/A       100%        7
 Simulacrum               Ice/Necr       Unusable   N/A       N/A         6

Dungeon Overview and Level Annotations

Branches:
Dungeon (9/15)             Temple (1/1) D:4
   Lair: D:8-11         Orc: D:9-12

Altars:
Ashenzari
Cheibriados
Dithmenos
Elyvilon
Fedhas
Gozag
Hepliaklqana
Kikubaaqudgha
Makhleb
Okawaru
Qazlal
Ru
Sif Muna
Trog
Uskayaw
Vehumet
Wu Jian
Xom
Yredelemnul
Zin
The Shining One

Shops:
D:8 !

Annotations:
D:9 1 runed translucent door


Innate Abilities, Weirdness & Mutations

You are too large for most types of armour.
You have claws for hands.
Your natural rate of healing is unusually fast.
You are covered in fur. (AC +1)
You have tough skin. (AC +1)


Message History

You climb upwards.
There is a stone staircase leading down here.
Casting: Blink (safe; 3% risk of failure)
Confirm with . or Enter, or press ? or * to list all spells.
You blink.
Casting: Blink (safe; 3% risk of failure)
Confirm with . or Enter, or press ? or * to list all spells.
Charge where?
Press: ? - help, Dir - move target, f - two-headed ogre
Aim: a two-headed ogre, wielding a +0 dire flail and a +0 giant club (94% to hit)
You charge forward with an electric crackle!
You scratch the two-headed ogre but do no damage.
The two-headed ogre hits you with a +0 dire flail!!
The two-headed ogre hits you with a +0 giant club.
You barely miss the two-headed ogre.
The two-headed ogre barely misses you. x2
You claw the two-headed ogre!
The two-headed ogre is moderately wounded.
You feel stable enough to blink again.
You claw the two-headed ogre!
The two-headed ogre is heavily wounded.
The two-headed ogre hits you with a +0 dire flail!
You block the two-headed ogre's attack.
You barely miss the two-headed ogre.
The two-headed ogre is heavily wounded.
You barely miss the two-headed ogre. You claw the two-headed ogre!
The two-headed ogre is severely wounded.
The two-headed ogre hits you with a +0 dire flail.
The two-headed ogre hits you with a +0 giant club!
You scratch the two-headed ogre.
The two-headed ogre is severely wounded.
You scratch the two-headed ogre.
The two-headed ogre is almost dead.
The two-headed ogre hits you with a +0 dire flail.
The two-headed ogre hits you with a +0 giant club!!
* * * LOW HITPOINT WARNING * * *
You barely miss the two-headed ogre.
The two-headed ogre is almost dead.
The two-headed ogre hits you with a +0 dire flail!
You die...
Your body crumbles into a pile of gold.

#............# #............#
#............# ##....#########
################ .........#
#.........#....# #.....##.#####
#.#######.#.##.#
#.##.###.....####.#.#.#...#.##.#
#.##.######....##.#.#...#...##.#
................@O.>#..........#
######...^.....##.#.#...########
#.####....##.#.#....# #.#
#######.#.#.#..# ######.#
###.#.#.#..###### .......##
#.....#.#..#....### #####...###
##.###.#............ ##....##
#....#.#.(###.#...#'
#####...###..#.#............#.


You could see a two-headed ogre.

Vanquished Creatures
  Sigmund (D:2)
  5 water moccasins
  Duvessa (D:4)
  An ice beast (D:7)
  An ogre (D:5)
  4 centaurs
  A phantom (D:6)
  4 scorpions
  A bullfrog (D:7)
  3 wights (D:8)
  11 killer bees (D:8)
  Dowan (D:4)
  3 howler monkeys (D:8)
  A human zombie (D:9)
  3 jellies
  3 hounds
  2 orc priests (D:6)
  A gnoll bouda (D:6)
  A sleepcap (D:6)
  2 iguanas
  Terence (D:2)
  3 orc wizards
  16 gnolls
  8 adders
  2 worms
  4 dart slugs
  15 orcs
  4 bats
  8 endoplasms
  A giant cockroach (D:4)
  8 goblins
  4 hobgoblins
  8 jackals
  5 quokkas
  6 ball pythons
  3 frilled lizards (D:1)
  A jackal zombie (D:9)
  9 kobolds
  A kobold skeleton (D:9)
  8 rats
165 creatures vanquished.

Vanquished Creatures (others)
  Jessica (D:2)
  8 plants (D:1)
9 creatures vanquished.

Grand Total: 174 creatures vanquished

Notes
Turn   | Place    | Note
-------+----------+-------------------------------------------
     0 | D:1      | raph the Troll Warper began the quest for the Orb.
     0 | D:1      | Reached XP level 1. HP: 19/19 MP: 1/1
   348 | D:1      | Reached XP level 2. HP: 28/28 MP: 2/2
  1123 | D:2      | Noticed Jessica
  1133 | D:2      | Killed Jessica
  1134 | D:2      | Reached XP level 3. HP: 20/35 MP: 4/4
  1234 | D:2      | Noticed Terence
  1240 | D:2      | Reached XP level 4. HP: 42/42 MP: 5/5
  1245 | D:2      | Killed Terence
  1246 | D:2      | Reached skill level 3 in Unarmed Combat
  1371 | D:2      | Noticed Sigmund
  1549 | D:2      | Learned a level 2 spell: Blink
  1552 | D:2      | Learned a level 2 spell: Lesser Beckoning
  1687 | D:3      | Reached XP level 5. HP: 44/49 MP: 6/6
  2333 | D:3      | Learned a level 3 spell: Vhi's Electric Charge
  2775 | D:4      | Reached XP level 6. HP: 38/57 MP: 7/7
  2857 | D:4      | Found a staircase to the Ecumenical Temple.
  2875 | D:4      | Found a sacrificial altar of Ru.
  2903 | Temple   | Entered the Ecumenical Temple
  3005 | Temple   | Became a worshipper of Gozag Ym Sagoz the Greedy
  3191 | D:4      | Noticed Dowan
  3199 | D:4      | Noticed Duvessa
  3204 | D:4      | Killed Duvessa
  3205 | D:4      | Reached skill level 4 in Unarmed Combat
  3212 | D:4      | Killed Dowan
  3615 | D:4      | Found a shadowy altar of Dithmenos.
  3615 | D:4      | Found a snail-covered altar of Cheibriados.
  3720 | D:4      | Reached skill level 1 in Air Magic
  3720 | D:4      | Reached XP level 7. HP: 66/66 MP: 9/9
  4069 | D:5      | Entered Level 5 of the Dungeon
  4922 | D:6      | Reached skill level 5 in Unarmed Combat
  5107 | D:6      | Reached XP level 8. HP: 70/75 MP: 6/10
  5911 | D:2      | Killed Sigmund
  5912 | D:2      | Reached skill level 6 in Unarmed Combat
  5916 | D:2      | Found a snail-covered altar of Cheibriados.
  6291 | D:7      | Learned a level 3 spell: Teleport Other
  6380 | D:7      | Reached skill level 5 in Translocations
  6562 | D:7      | Reached XP level 9. HP: 72/83 MP: 12/12
  7133 | D:8      | Found Litusug's Distillery.
  7139 | D:8      | Bought a potion of magic for 96 gold pieces
  7139 | D:8      | Bought a potion of flight for 36 gold pieces
  7330 | D:8      | Bought a potion of curing for 36 gold pieces
  7394 | D:8      | Reached skill level 7 in Unarmed Combat
  7933 | D:8      | Identified the ring of Seicuara {rCorr Dex+2}
  8122 | D:8      | Bought a potion of curing for 36 gold pieces
  8157 | D:9      | Found a runed translucent door.
  8167 | D:9      | Found a basalt altar of Yredelemnul.
  8167 | D:9      | Noticed a two-headed ogre
  8360 | D:8      | Mangled by a two-headed ogre

Illustrated notes

Levels and vault maps discovered:
D:1:      dpeg_arrival_windows_large_door, layout_basic, serial_park_tiny_2,
          lexackson_kobold_supper
D:2:      layout_rooms, basic_altar, uniq_jessica, uniq_terence, uniq_sigmund
D:3:      layout_basic, grunt_ministairs_6, chequers_serial_rivers_marsh
D:4:      nicolae_BIG_FREAKIN_CUBE, layout_loops_corners,
          nicolae_ru_great_annihilating_truth, jmf_multi_god_temple,
          minmay_temple_entry_mini_moons, uniq_duvessa
D:5:      layout_basic
D:6:      layout_loops_ring
D:7:      layout_basic
D:8:      layout_basic, serial_shops, nicolae_shop_hallway_plus
D:9:      layout_irregular_city, dk_yredelemnul_ordeal
Temple:   minmay_temple_bridge_d

Skill      XL: |  1  2  3  4  5  6  7  8  9 |
---------------+----------------------------+-----
Dodging        | 2 3 4 |  4.5
Fighting       | 2 3 4 |  4.2
Unarmed Combat | 3 4 5 6 7 |  7.3
Translocations | 3 4 5 |  5.8
Spellcasting   | 2 3 |  3.1
Air Magic      | 1 2 |  2.8
Throwing       | |  0.8

Action                     |  1- 3 |  4- 6 |  7- 9 || total
---------------------------+-------+-------+-------++-------
  Melee: Unarmed           |   108 |   151 |   399 ||   658
         Punch             |     1 |     6 |    10 ||    17
  Throw: Boomerang         |       |     7 |    14 ||    21
         Large rock        |       |     3 |     1 ||     4
   Cast: Vhi's Electric Ch |       |       |     7 ||     7
         Blink             |       |       |     2 ||     2
         Lesser Beckoning  |       |       |     1 ||     1
    Use: Scroll            |       |    10 |     7 ||    17
         Potion            |       |       |     2 ||     2
   Stab: Paralysed         |       |     1 |       ||     1
         Distracted        |       |       |     3 ||     3
         Sleeping          |       |       |     1 ||     1
 Armour: Robe              |    34 |    58 |    95 ||   187
  Dodge: Dodged            |    57 |    72 |   194 ||   323
  Block: Other             |       |    16 |    91 ||   107
         Reflection        |       |       |     5 ||     5
